 Dungeon Crawl Stone Soup version 0.17-a0-1570-g74b7129 (webtiles) character file.

95859 mrath the Warrior (level 15, -5/141 HPs)
             Began as a Minotaur Fighter on July 22, 2015.
             Was a High Priest of Okawaru.
             Slain by a deep elf blademaster
             ... wielding a +1 short sword of draining
              (6 damage)
             ... on level 2 of the Elven Halls on July 23, 2015.
             The game lasted 05:58:31 (31515 turns).

mrath the Warrior (Minotaur Fighter)               Turns: 31515, Time: 05:58:32

Health: -5/141     AC: 24    Str: 26    XL:     15   Next: 67%
Magic:  18/18      EV: 13    Int:  6    God:    Okawaru [*****.]
Gold:   270        SH: 19    Dex: 16    Spells: 0 memorised, 14 levels left

rFire  . . .     SeeInvis +     O - +9 war axe "Godghed" {chop, +Rage MR+ Int-2 SInv}
rCold  . . .     Clarity  .     b - +5 scale mail of Fortification {rElec rCorr Dex+5}
rNeg   . . .     SustAt   .     e - +1 large shield {AC+3}
rPois  +         Gourm    .     j - +1 hat {Int+3}
rElec  +         Spirit   .     n - +2 cloak {MR+}
rCorr  +         Warding  .     (no gloves)
rMut   .         Stasis   +     t - +2 pair of boots
MR     +++..                    y - amulet of stasis
Stlth  ..........               q - +5 ring of evasion
                                L - ring of poison resistance

@: very heavily drained, extremely resistant to hostile enchantments, extremely
unstealthy
A: retaliatory headbutt, horns 2
a: Heroism, Finesse, Renounce Religion, Evoke Berserk Rage


You were on level 2 of the Elven Halls.
You worshipped Okawaru.
Okawaru was extremely pleased with you.
You were full.

You visited 4 branches of the dungeon, and saw 26 of its levels.

You collected 2322 gold pieces.
You spent 2052 gold pieces at shops.

Inventory:

Hand weapons
 o - a +4 trident of venom
 O - the +9 war axe "Godghed" (weapon) {chop, +Rage MR+ Int-2 SInv}
   (You found it on level 10 of the Dungeon)

   It inflicts extra damage upon your enemies.
   It affects your intelligence (-2).
   It affects your resistance to hostile enchantments.
   It lets you see invisible.
   It lets you go berserk.
Missiles
 m - 3 javelins of returning (quivered)
 I - 18 tomahawks
Armour
 b - the +5 scale mail of Fortification (worn) {rElec rCorr Dex+5}
   (You found it on level 9 of the Dungeon)

   It affects your dexterity (+5).
   It insulates you from electricity.
   It protects you from acid and corrosion.
 e - a +1 large shield of protection (worn)
 j - a +1 hat of intelligence (worn)
 n - a +2 cloak of magic resistance (worn)
 t - a +2 pair of boots (worn)
Rods
 g - a +4 iron rod (12/12)
   (You bought it in a shop on level 4 of the Orcish Mines)
Jewellery
 a - an uncursed ring of fire
 q - a +5 ring of evasion (right hand)
 w - an uncursed amulet of regeneration
 y - an amulet of stasis (around neck)
 L - a ring of poison resistance (left hand)
 Q - an uncursed amulet of resist corrosion
Magical devices
 s - a wand of fireball (0)
 x - a wand of disintegration (20)
 z - a wand of fire (3)
 R - a wand of frost (21)
 U - a wand of slowing (33)
Scrolls
 d - a scroll of silence
 f - 2 scrolls of fear
 k - 7 scrolls of teleportation
 l - 6 scrolls of magic mapping
 r - 6 scrolls of remove curse
 A - 4 scrolls of fog
 D - a scroll of blinking
 J - a scroll of acquirement
 M - a scroll of recharging
 V - a scroll of enchant weapon
 Y - a scroll of torment {unknown}
Potions
 c - a potion of agility {unknown}
 h - a potion of invisibility
 i - 2 potions of flight
 p - 2 potions of degeneration {unknown}
 v - a potion of resistance
 B - a potion of beneficial mutation {unknown}
 C - 3 potions of lignification
 F - 3 potions of cancellation
 H - a potion of mutation {unknown}
 K - 2 potions of curing
 N - 2 potions of berserk rage
 P - 3 potions of might
 X - a potion of haste {unknown}
Miscellaneous
 u - a box of beasts {used: 1}
 E - a fan of gales
Comestibles
 G - 5 meat rations
 S - 27 fruits
 T - a chunk of flesh
 W - a bread ration


   Skills:
 + Level 15.5(9.3) Fighting
 + Level 15.5(9.2) Axes
   Level 0.7(0.0) Slings
 + Level 3.9(0.0) Throwing
 + Level 15.1(8.8) Armour
 - Level 7.6(2.4) Dodging
 + Level 15.5(9.3) Shields
 + Level 6.0(1.1) Invocations
 + Level 5.8(0.9) Evocations


You had 14 spell levels left.
You didn't know any spells.

Dungeon Overview and Level Annotations

Branches:
Dungeon (11/15)            Temple (0/1) D:6            Lair (8/8) D:11
 Shoals (0/4) Lair:5        Snake (0/4) Lair:3        Slime (0/6) Lair:8
    Orc (4/4) D:11            Elf (3/3) Orc:3

Altars:
Cheibriados
Fedhas
Kikubaaqudgha
Makhleb
Okawaru
Trog
Vehumet
Xom
Yredelemnul
Beogh
Jiyva

Shops:
D:4 ?   D:8 =   Orc:2 [   Orc:3 (   Orc:4 (%}(   Elf:2 [

Annotations:
Elf:2 3 runed doors


Innate Abilities, Weirdness & Mutations

You reflexively headbutt those who attack you in melee.
You have a pair of horns on your head.


Message History

You block the deep elf blademaster's attack. x2
The deep elf blademaster hits you but does no damage.
You feel drained.
You block the deep elf blademaster's attack.
Your larval shockfire beast bursts into living lightning!
The living lightning hits the deep elf blademaster.
Your larval shockfire beast blinks!
Your larval shockfire beast bursts into living lightning!
The living lightning misses the deep elf blademaster.
Your larval shockfire beast blinks!
Your larval shockfire beast completely misses the deep elf blademaster.
The deep elf blademaster hits your larval shockfire beast with a short sword of draining!
The deep elf blademaster hits your larval shockfire beast with a short sword!
Your larval shockfire beast dies!
Your larval shockfire beast's corpse disappears in a puff of smoke!
The deep elf blademaster hits you with a short sword of draining!
* * * LOW HITPOINT WARNING * * *
You feel drained.
The deep elf blademaster hits you with a short sword.
You die...

##.........## #.
##...........## #
#.............# #
#.............##########
#....(.).(....'.........
#.....>)......##########
#...§[.[......#
##..!.e>)....## #
##....@....## ### ##
##..=.∩..'###########.
##.....##'##..#..##'#
#########)...#....##
#.[....#.####. ###
#.(....#.^.<#. ##.##
#......#.####. ##...##
#......'...... ##.....##
#......#......


You could see a deep elf blademaster.

Vanquished Creatures
  A deep elf master archer (Elf:3)
  Gastronok (D:10)
  A deep elf sorcerer (Elf:3)
  A deep elf demonologist (Elf:3)
  A deep elf annihilator (Elf:3)
  3 deep elf death magi
  A deep elf high priest (Elf:3)
  4 hydras
  Erolcha (D:8)
  3 dancing weapons (Elf:2)
  A queen ant (Lair:1)
  3 orc high priests (Orc:4)
  A death yak (Lair:3)
  Urug (Lair:1)
  10 deep elf knights
  The ghost of Duffy the Conjurer, an experienced VSAE of Ashenzari (D:10)
  6 deep elf summoners
  An unseen horror (D:10)
  A hill giant (D:11)
  4 orc knights (Orc:4)
  15 deep elf conjurers
  3 orc sorcerers (Orc:4)
  A cyclops (Orc:4)
  A wolf spider (shapeshifter) (Elf:2)
  2 ugly things (D:11)
  12 elephants
  A gargoyle (D:11)
  Joseph (D:10)
  2 black mambas (Lair:7)
  A torpor snail (Lair:3)
  21 spiny frogs
  Psyche (D:8)
  8 komodo dragons
  A fire drake (Lair:5)
  A deep elf priest (Elf:2)
  A polar bear (Lair:6)
  2 giant leeches
  A two-headed ogre (D:9)
  Prince Ribbit (D:9)
  4 trolls
  2 boulder beetles
  25 blink frogs
  A water elemental (D:11)
  A steam dragon (D:11)
  2 wyverns
  55 yaks
  9 hippogriffs
  A hungry ghost (D:10)
  Eustachio (D:5)
  24 deep elf magi
  4 vampire mosquitoes
  23 deep elf fighters
  7 basilisks
  A mottled dragon (D:11)
  12 wolves
  A warg (Orc:3)
  4 nagas (Lair:3)
  18 water moccasins
  3 sky beasts
  17 orc warriors
  11 porcupines
  20 soldier ants (Lair:1)
  A black bear (D:11)
  2 phantoms
  An eye of draining (shapeshifter) (Elf:3)
  4 centaurs
  9 ogres
  2 necrophages
  3 ice beasts
  16 crocodiles
  9 big kobolds
  A gnoll sergeant (D:9)
  Blork the orc (D:5)
  23 giant frogs
  A water moccasin zombie (D:5)
  2 scorpions
  11 killer bees
  2 wights (D:7)
  10 electric eels
  4 crimson imps
  A giant frog zombie (D:11)
  5 jellies
  16 orc priests
  A centaur zombie (D:11)
  11 hounds
  A gnoll shaman (D:7)
  12 iguanas
  2 giant frog skeletons
  A centaur skeleton (D:8)
  26 orc wizards
  4 sheep (Orc:4)
  26 worker ants
  A worker ant zombie (D:7)
  18 gnolls
  98 river rats
  11 adders
  4 shadow imps
  3 adder skeletons
  2 worms
  5 giant geckos
  192 orcs
  A bat skeleton (D:4)
  4 giant cockroaches
  21 goblins
  24 hobgoblins
  9 jackals
  6 quokkas
  17 bats
  6 giant newts
  A jackal skeleton (D:6)
  32 kobolds
  13 rats
  2 bushes
  A butterfly (Lair:4)
  10 fungi
  7 plants
1064 creatures vanquished.

Vanquished Creatures (others)
  An unseen horror (shapeshifter) (Elf:2)
  A deep elf fighter (Elf:3)
  2 orcs (D:11)
  20 fungi
  20 plants
44 creatures vanquished.

Grand Total: 1108 creatures vanquished

Notes
Turn   | Place    | Note
--------------------------------------------------------------
     0 | D:1      | mrath the Minotaur Fighter began the quest for the Orb.
     0 | D:1      | Reached XP level 1. HP: 19/19 MP: 0/0
   365 | D:1      | Reached XP level 2. HP: 27/27 MP: 1/1
   380 | D:1      | Reached skill level 4 in Fighting
   708 | D:1      | Found a snail-covered altar of Cheibriados.
   956 | D:2      | Found an ancient bone altar of Kikubaaqudgha.
  1151 | D:2      | Found a snail-covered altar of Cheibriados.
  1154 | D:2      | Reached XP level 3. HP: 33/33 MP: 2/2
  1689 | D:3      | Reached XP level 4. HP: 41/41 MP: 3/3
  1737 | D:3      | Found a shimmering altar of Xom.
  2259 | D:4      | Reached skill level 1 in Dodging
  2348 | D:4      | Reached XP level 5. HP: 47/47 MP: 4/4
  2584 | D:4      | Noticed an ogre
  2590 | D:4      | Killed an ogre
  2590 | D:4      | Reached skill level 5 in Fighting
  2590 | D:4      | Reached skill level 5 in Shields
  2679 | D:4      | Found Acaacri's Magic Scroll Boutique.
  2693 | D:4      | Reached XP level 6. HP: 56/56 MP: 5/5
  3299 | D:5      | Entered Level 5 of the Dungeon
  3339 | D:5      | Reached skill level 6 in Shields
  3339 | D:5      | Reached XP level 7. HP: 57/61 MP: 6/6
  3373 | D:5      | Found an iron altar of Okawaru.
  3374 | D:5      | Noticed Blork the orc
  3380 | D:5      | Noticed Eustachio
  3385 | D:5      | Killed Blork the orc
  3385 | D:5      | Reached skill level 5 in Axes
  3395 | D:5      | Killed Eustachio
  3395 | D:5      | Reached skill level 5 in Armour
  3423 | D:5      | Became a worshipper of Warmaster Okawaru
  3744 | D:5      | Noticed a troll
  3759 | D:5      | Killed a troll
  3759 | D:5      | Reached XP level 8. HP: 42/71 MP: 7/7
  3765 | D:5      | Reached skill level 7 in Shields
  4215 | D:6      | Acquired Okawaru's first power
  4336 | D:6      | Found a blossoming altar of Fedhas.
  4710 | D:6      | Reached skill level 8 in Shields
  4774 | D:6      | Found a bloodstained altar of Trog.
  4816 | D:6      | Found a staircase to the Ecumenical Temple.
  4850 | D:7      | Found a radiant altar of Vehumet.
  5051 | D:7      | Reached XP level 9. HP: 79/81 MP: 8/8
  5799 | D:8      | Found a basalt altar of Yredelemnul.
  5842 | D:8      | Found Gitelit's Jewellery Emporium.
  5854 | D:8      | Noticed Erolcha
  5864 | D:8      | Killed Erolcha
  5864 | D:8      | Reached skill level 9 in Shields
  6076 | D:8      | Noticed Psyche
  6080 | D:8      | Killed Psyche
  6095 | D:8      | Found a bloodstained altar of Trog.
  6147 | D:8      | Reached XP level 10. HP: 89/91 MP: 9/9
  6162 | D:8      | Noticed Gastronok
  6499 | D:9      | Reached skill level 10 in Shields
  6776 | D:9      | Got an ichor-stained scale mail
  6796 | D:9      | Noticed Prince Ribbit
  6815 | D:9      | Killed Prince Ribbit
  6853 | D:9      | Reached skill level 10 in Fighting
  6884 | D:9      | Identified the +5 scale mail of Fortification {rElec rCorr Dex+5} (You found it on level 9 of the Dungeon)
  7499 | D:10     | Entered Level 10 of the Dungeon
  7499 | D:10     | Noticed Joseph
  7509 | D:10     | Killed Joseph
  7509 | D:10     | Acquired Okawaru's second power
  7538 | D:10     | Received a gift from Okawaru
  7662 | D:10     | Killed an unseen horror
  7662 | D:10     | Reached skill level 10 in Axes
  7662 | D:10     | Reached skill level 10 in Armour
  7768 | D:10     | Got a fine war axe
  7769 | D:10     | Identified the +9 war axe "Godghed" {chop, +Rage MR+ Int-2 SInv} (You found it on level 10 of the Dungeon)
  7933 | D:10     | Noticed Duffy's ghost (experienced VSAE)
  7941 | D:10     | Killed Duffy's ghost
  7983 | D:10     | Reached XP level 11. HP: 88/101 MP: 10/10
  8124 | D:10     | Reached skill level 11 in Shields
  8203 | D:10     | Killed Gastronok
  8203 | D:10     | Received a gift from Okawaru
  8304 | D:10     | Got a thick robe {god gift}
  8366 | D:10     | Identified the +0 robe of Supple Strength {*Corrode rF++ Dex+7} (Okawaru gifted it to you on level 10 of the Dungeon)
  8548 | D:10     | Identified a scroll of acquirement
  9195 | D:11     | Noticed a hill giant
  9201 | D:11     | Killed a hill giant
  9417 | D:11     | Found a staircase to the Orcish Mines.
  9584 | D:11     | Found a staircase to the Lair.
  9638 | D:11     | Found a basalt altar of Yredelemnul.
  9936 | D:11     | Reached skill level 12 in Shields
 10165 | Lair:1   | Entered Level 1 of the Lair of Beasts
 10455 | Lair:1   | Noticed Urug
 10464 | Lair:1   | Killed Urug
 10464 | Lair:1   | Reached XP level 12. HP: 105/112 MP: 11/11
 10959 | Lair:1   | Noticed a queen ant
 10992 | Lair:1   | Killed a queen ant
 10992 | Lair:1   | Received a gift from Okawaru
 11884 | Lair:1   | Reached skill level 13 in Shields
 12091 | Lair:2   | Noticed a four-headed hydra
 12190 | Lair:2   | Killed a five-headed hydra
 12930 | Lair:2   | Noticed a seven-headed hydra
 12955 | Lair:2   | Killed a seven-headed hydra
 13256 | Lair:3   | Reached XP level 13. HP: 122/122 MP: 12/12
 13980 | Lair:3   | Found a staircase to the Snake Pit.
 14117 | Lair:3   | Received a gift from Okawaru
 14129 | Lair:3   | Got an encrusted cloak {god gift}
 14135 | Lair:3   | Identified the +0 cloak of Bichius {*Confuse Str+4 Int-2 Dex+9} (Okawaru gifted it to you on level 3 of the Lair of Beasts)
 15253 | Lair:4   | Reached skill level 14 in Shields
 16035 | Lair:4   | Upgraded the game from 0.17-a0-1567-gdd419b1 to 0.17-a0-1570-g74b7129
 18548 | Lair:5   | Found a staircase to the Shoals.
 18818 | Lair:5   | Reached skill level 1 in Evocations
 19198 | Lair:6   | Reached skill level 1 in Invocations
 19924 | Lair:7   | Got a dazzling war axe
 19940 | Lair:7   | Identified the cursed +0 war axe "Ahoimaepp" {vamp, -Tele Str+3 Stlth+} (You found it on level 7 of the Lair of Beasts)
 20158 | Lair:7   | Received a gift from Okawaru
 20158 | Lair:7   | Reached skill level 5 in Dodging
 20803 | Lair:7   | Reached XP level 14. HP: 133/133 MP: 14/14
 21534 | Lair:7   | Got an ancient leather armour
 21545 | Lair:7   | Identified the +1 leather armour of Tulips {Str+3} (You found it on level 7 of the Lair of Beasts)
 21646 | Lair:8   | Entered Level 8 of the Lair of Beasts
 23079 | Lair:8   | Found a viscous altar of Jiyva.
 23079 | Lair:8   | Found a staircase to the Slime Pits.
 23179 | Lair:8   | Received a gift from Okawaru
 23764 | Orc:1    | Entered Level 1 of the Orcish Mines
 24034 | Orc:1    | Found a roughly hewn altar of Beogh.
 24416 | Orc:2    | Found a burning altar of Makhleb.
 24435 | Orc:2    | Found Pedil's Antique Armour Shop.
 24495 | Orc:2    | Bought a glowing large shield for 90 gold pieces
 24665 | Orc:3    | Found Giwottap's Antique Weapon Shop.
 25110 | Orc:3    | Found a roughly hewn altar of Beogh.
 25303 | Orc:3    | Found a staircase to the Elven Halls.
 25994 | Orc:4    | Entered Level 4 of the Orcish Mines
 27106 | Orc:4    | Reached skill level 15 in Axes
 27439 | Orc:4    | Found Gunnuqac's Weapon Emporium.
 27439 | Orc:4    | Found Plog's Weapon Shop.
 27456 | Orc:4    | Found Denler's Food Emporium.
 27456 | Orc:4    | Found Etuaveut's Gadget Shop.
 27494 | Orc:4    | Bought a +4 iron rod (12/12) for 1656 gold pieces
 27778 | Elf:1    | Entered Level 1 of the Elven Halls
 27859 | Elf:1    | Reached skill level 15 in Shields
 28245 | Elf:1    | Reached skill level 15 in Fighting
 28245 | Elf:1    | Received a gift from Okawaru
 28276 | Elf:1    | Reached XP level 15. HP: 105/141 MP: 17/17
 28463 | Elf:1    | Reached skill level 5 in Invocations
 28624 | Elf:1    | Reached skill level 1 in Throwing
 28852 | Elf:1    | Found a shimmering altar of Xom.
 29460 | Elf:2    | Reached skill level 5 in Evocations
 29716 | Elf:2    | Received a gift from Okawaru
 30118 | Elf:2    | Found a runed gate.
 30118 | Elf:2    | Found a runed gate.
 30118 | Elf:2    | Found a runed gate.
 30151 | Elf:2    | Found Igough's Antique Armour Shop.
 30227 | Elf:2    | Bought a glowing cloak for 153 gold pieces
 30227 | Elf:2    | Bought a pair of glowing boots for 153 gold pieces
 30459 | Elf:3    | Entered Level 3 of the Elven Halls
 30531 | Elf:3    | Noticed a deep elf master archer
 30557 | Elf:3    | Killed a deep elf master archer
 30570 | Elf:3    | Received a gift from Okawaru
 31069 | Elf:3    | Reached skill level 15 in Armour
 31101 | Elf:3    | Received a gift from Okawaru
 31102 | Elf:3    | Got a jewelled hand crossbow {god gift}
 31138 | Elf:2    | Identified the +4 hand crossbow of Dismemberment {penet, MR+ Str+2 Int+4} (Okawaru gifted it to you on level 3 of the Elven Halls)
 31452 | Elf:3    | Noticed a deep elf blademaster
 31475 | Elf:3    | HP: 5/141 [deep elf blademaster/short sword of draining (15)]
 31475 | Elf:3    | HP: 1/141 [deep elf blademaster/short sword of draining (4)]
 31510 | Elf:2    | HP: 7/141 [deep elf blademaster/short sword of draining (2)]
 31515 | Elf:2    | HP: 1/141 [deep elf blademaster/short sword of draining (8)]
 31515 | Elf:2    | Slain by a deep elf blademaster

Vault maps used:
D:1:      tarquinn_simple_flora_water_c, cheibriados_altar_1
D:2:      old_standard_altar, nicolae_overflow_crystal_walls
D:3:      xom_butterflies, first_bread, minmay_misc_feat_more_columns,
          eino_tiny_chamber
D:4:      serial_shops, shop
D:5:      okawaru_metal_pillars_3, uniq_eustachio, uniq_blork_the_orc
D:6:      kennysheep_little_box, fedhas_altar_3,
          minmay_temple_entry_from_below_a, hangedman_decor_diamond_cutter,
          kennysheep_generic_room_10
D:7:      lemuel_crystal_altar
D:8:      overflow_temple_1_default, serial_shops, shop, blue_anna_alchemist,
          bloody_trog, uniq_erolcha, uniq_gastronok, uniq_psyche
D:9:      uniq_prince_ribbit1
D:10:     lemuel_flame_loot_1, uniq_joseph
D:11:     lair_0_dummy, hiddenorc2_lemuel, basic_altar
Lair:1:   minivault_29, grunt_megastairs_1, lemuel_fruit_tree, uniq_urug
Lair:3:   minmay_snake_entry_guardpost_medium, fungi_pond_lemuel
Lair:4:   infiniplex_staircase_pool, lemuel_fruit_fields
Lair:5:   shoals_dummy_entry, grunt_megastairs_2
Lair:7:   minmay_stone_trees_large, st_stairs_11, grunt_megastairs_3
Lair:8:   minmay_lair_end_frog_pond, slime_altar_1, patterned_corridor
Orc:1:    basic_altar
Orc:2:    basic_altar, serial_shops, shop
Orc:3:    serial_shops, shop, special_room, basic_altar, nicolae_orc_pool_cavern
Orc:4:    grunt_orc_tribal_feast
Elf:1:    basic_altar, minmay_elf_crystal_heptagon, st_stairs_13
Elf:2:    serial_shops, shop, basic_stair_grate_trap, uniq_azrael
Elf:3:    grunt_elf_hall_spiral, elves_outpost_lemuel

Action                   |  1- 3 |  4- 6 |  7- 9 | 10-12 | 13-15 || total
-------------------------+-------+-------+-------+-------+-------++-------
Melee: War axe           |   109 |   145 |   289 |   565 |  1190 ||  2298
       Trident           |       |       |       |    50 |    17 ||    67
       Flail             |       |       |       |     6 |       ||     6
 Fire: Hunting sling     |     2 |     9 |       |       |       ||    11
       Blowgun           |       |       |       |    15 |   138 ||   153
Throw: Stone             |     9 |    10 |    43 |    13 |       ||    75
       Javelin           |       |       |       |    10 |    21 ||    31
       Tomahawk          |       |       |       |       |    93 ||    93
Invok: Heroism           |       |       |       |       |     7 ||     7
       Finesse           |       |       |       |       |     1 ||     1
Evoke: Wand              |       |       |     4 |     4 |     5 ||    13
       Box of beasts     |       |       |       |       |     1 ||     1
  Use: Scroll            |    10 |     5 |     6 |    10 |    11 ||    42
       Potion            |       |       |     3 |     3 |     7 ||    13
 Stab: Distracted        |       |       |       |       |     1 ||     1
  Eat: Chunk             |     3 |     5 |    10 |    10 |    19 ||    47
       Beef jerky        |       |       |     1 |     2 |     3 ||     6
       Bread ration      |       |       |       |     3 |    10 ||    13
       Fruit             |       |       |       |       |     3 ||     3
       Meat ration       |       |       |       |       |     1 ||     1
       Royal jelly       |       |       |       |       |     1 ||     1
